 Dungeon Crawl Stone Soup version 0.28.0-45-g0d030f2227 (webtiles) character file.

Game seed: 16050492960067381082

3061 Zeld the Frost Mage (level 9, -3/66 HPs)
             Began as a Merfolk Ice Elementalist on Apr 20, 2022.
             Was a Follower of Sif Muna.
             Engulfed by a cloud of steam (7 damage)
             ... on level 7 of the Dungeon.
             The game lasted 00:13:10 (11722 turns).

Zeld the Frost Mage (Merfolk Ice Elementalist)     Turns: 11722, Time: 00:13:11

Health: -3/66      AC:  8    Str:  9    XL:     9   Next: 88%
Magic:  13/17      EV: 14    Int: 18    God:    Sif Muna [*.....]
Gold:   52         SH:  0    Dex: 14    Spells: 8/19 levels left

rFire   . . .      SeeInvis .   a - +0 trident
rCold   . . .      Faith    .   (no shield)
rNeg    . . .      Spirit   .   n - +0 robe
rPois   .          Reflect  .   (no helmet)
rElec   .          Harm     .   l - +2 cloak {Stlth+}
rCorr   .          Rampage  .   p - +2 pair of gloves
Will    .....                   (no boots)
Stlth   ++++......              (no amulet)
HPRegen 0.21/turn               (no ring)
MPRegen 0.15/turn               (no ring)

@: no status effects
A: (nimble swimmer 2), mertail
a: Renounce Religion, Channel Magic


You were on level 7 of the Dungeon.
You worshipped Sif Muna.
Sif Muna was aware of your devotion.
You visited 2 branches of the dungeon, and saw 8 of its levels.

You collected 511 gold pieces.
You spent 459 gold pieces at shops.

Inventory:

Hand Weapons
 a - a +0 trident (weapon)
Armour
 l - a +2 cloak of stealth (worn)
 n - a +0 robe (worn)
 p - a +2 pair of gloves (worn)
Wands
 u - a wand of polymorph (7)
 w - a wand of iceblast (8)
Scrolls
 c - 3 scrolls of magic mapping {unknown}
 e - 4 scrolls of identify {unknown}
 g - a scroll of holy word {unknown}
 h - a scroll of amnesia {unknown}
 i - 3 scrolls of noise {unknown}
 o - 2 scrolls of teleportation
 r - a scroll of immolation {unknown}
 t - a scroll of blinking {unknown}
 y - a scroll of enchant weapon {unknown}
Potions
 b - 3 potions of brilliance {unknown}
 d - 2 potions of attraction {unknown}
 f - a potion of magic {unknown}
 j - a potion of degeneration {unknown}
 k - 3 potions of experience {unknown}
 m - 5 potions of curing
 q - 2 potions of berserk rage
 s - 2 potions of haste {unknown}
 v - a potion of mutation {unknown}
 x - 3 potions of heal wounds {unknown}
 z - a potion of ambrosia {unknown}


   Skills:
 + Level 4.4 Fighting
 * Level 5.8 Polearms
 - Level 6.0 Dodging
 + Level 5.3 Stealth
 * Level 5.7 Spellcasting
 + Level 2.0 Conjurations
 * Level 8.0 Ice Magic
 * Level 4.0 Invocations
 * Level 3.5 Evocations


You had 8 spell levels left.
You knew the following spells:

 Your Spells              Type           Power      Damage    Failure   Level
a - Freeze                Ice            100%       1d11      1%          1
b - Frozen Ramparts       Ice            68%        1d8       1%          3
c - Ozocubu's Armour      Ice            34%        N/A       1%          3
d - Hailstorm             Conj/Ice       23%        3d7       16%         4

Your spell library contained the following spells:

 Spells                   Type           Power      Damage    Failure   Level
 Summon Small Mammal      Summ           20%        N/A       12%         1
 Scorch                   Fire           10%        2d6       19%         2
 Call Canine Familiar     Summ           5%         N/A       36%         3
 Summon Guardian Golem    Hex/Summ       5%         N/A       36%         3
 Flame Wave               Conj/Fire      8%         2d5       63%         4
 Alistair's Intoxication  Tmut/Pois      3%         N/A       98%         5
 Borgnjor's Vile Clutch   Necr/Erth      2%         N/A       98%         5
 Eringya's Noxious Bog    Tmut/Pois      2%         N/A       100%        6
 Summon Cactus Giant      Summ           2%         N/A       100%        6


Dungeon Overview and Level Annotations

Branches:
Dungeon (7/15)             Temple (1/1) D:6

Altars:
Ashenzari
Cheibriados
Dithmenos
Elyvilon
Fedhas
Gozag
Hepliaklqana
Makhleb
Nemelex Xobeh
Okawaru
Ru
Sif Muna
Trog
Uskayaw
Vehumet
Xom
Yredelemnul
The Shining One
Beogh

Shops:
D:4 *([[*


Innate Abilities, Weirdness & Mutations

((You are very nimble when in or above water. (Stealth+, EV+, Speed+++)))
Your lower body shifts to a powerful aquatic tail in water.


Message History

Unknown command.
You are engulfed in a cloud of scalding steam.
* * * LOW HITPOINT WARNING * * *
The ice beast completely resists.
The wall freezes the ice beast but does no damage.
The wall freezes the orc priest.
The wall freezes the steam dragon!
The steam dragon barely misses you. The steam dragon closely misses you.
Unknown command.
You are engulfed in a cloud of scalding steam.
* * * LOW HITPOINT WARNING * * *
The ice beast completely resists.
The wall freezes the ice beast but does no damage.
The wall freezes the orc priest!
You kill the orc priest!
Sif Muna accepts your kill.
The wall freezes the gnoll!
The wall freezes the steam dragon.
You kill the steam dragon!
Sif Muna accepts your kill.
Your Ice Magic skill increases to level 8!
Your Invocations skill increases to level 4!
Unknown command.
Your frozen ramparts will break if you move.
Continue?
Okay, then.
You are engulfed in a cloud of scalding steam.
* * * LOW HITPOINT WARNING * * *
The frozen ramparts melt away.
Unknown command.
Really walk into that cloud of steam? [Y]es or [N]o only, please.
Really walk into that cloud of steam?
You are engulfed in a cloud of scalding steam.
* * * LOW HITPOINT WARNING * * *
The ice beast is engulfed in a cloud of scalding steam.
Things that are here:
+0 steam dragon scales; a steam dragon corpse Really walk into that cloud of steam?
Okay, then.
Really walk into that cloud of steam?
You are engulfed in a cloud of scalding steam.
You die...

..##
##.......#.....
.... ...
.........#...##o.#
...
...............o.#
..# ...........Z)#
##.#..##.......g#g#
.#.#..##......#.#)#
.............##.#Y#
.#)# ###.#...##.#[#
...# #.#...^!.@.#
)#.# ###...########
)#.# #...........#
)#.# #.#.######..#
...###⌠### #.†#
.###♣.#..######..#
.##..≈.≈≈.##.##..#
.#._#_#.≈^.#.##..#
.⌠≈♣#._≈..^⌠.##..#


You could see an ice beast and 2 gnolls.

Vanquished Creatures
  A troll (D:6)
  Prince Ribbit (D:6)
  2 steam dragons (D:7)
  A warg (D:5)
  3 water moccasins
  An ice beast (D:4)
  A black bear (D:7)
  2 ogres
  2 orc warriors (D:7)
  2 necrophages (D:6)
  2 centaurs (D:6)
  A kobold brigand (D:6)
  A bullfrog (D:4)
  A scorpion (D:6)
  A howler monkey (D:4)
  2 hounds (D:5)
  A jelly (D:7)
  Crazy Yiuf (D:2)
  3 bullfrog skeletons (D:5)
  4 orc priests
  A centaur skeleton (D:6)
  A gnoll shaman (D:7)
  4 iguanas
  3 orc wizards
  A hound zombie (D:3)
  9 adders
  5 gnolls
  A shadow imp (D:6)
  2 white imps
  2 ufetubi (D:4)
  An adder zombie (D:5)
  4 worms
  4 dart slugs
  30 orcs
  8 ball pythons
  6 bats
  5 endoplasms
  5 giant cockroaches
  9 goblins
  7 hobgoblins
  4 quokkas
  2 frilled lizards
  2 goblin skeletons (D:7)
  A goblin zombie (D:7)
  3 hobgoblin zombies (D:7)
  5 kobolds
  A kobold skeleton (D:7)
  A kobold zombie (D:7)
  An orc skeleton (D:7)
  6 rats
167 creatures vanquished.

Vanquished Creatures (others)
  A plant (D:1)
1 creature vanquished.

Grand Total: 168 creatures vanquished

Notes
Turn   | Place    | Note
-------+----------+-------------------------------------------
     0 | D:1      | Zeld the Merfolk Ice Elementalist began the quest for the
                  | Orb.
     0 | D:1      | Reached XP level 1. HP: 13/13 MP: 3/3
   151 | D:1      | Reached XP level 2. HP: 7/20 MP: 0/5
   901 | D:1      | Reached XP level 3. HP: 25/25 MP: 4/6
   905 | D:1      | Learned a level 3 spell: Frozen Ramparts
  1853 | D:2      | Learned a level 3 spell: Ozocubu's Armour
  1869 | D:2      | Reached skill level 1 in Fighting
  2107 | D:2      | Found a faded altar of an unknown god.
  2125 | D:2      | Reached XP level 4. HP: 30/32 MP: 1/7
  2489 | D:2      | Found a runed translucent door.
  2490 | D:2      | Noticed Crazy Yiuf
  2533 | D:2      | Reached skill level 5 in Ice Magic
  2926 | D:2      | Killed Crazy Yiuf
  3044 | D:3      | Reached XP level 5. HP: 37/37 MP: 1/9
  3214 | D:3      | Noticed an ice beast
  4092 | D:3      | Found a snail-covered altar of Cheibriados.
  4712 | D:4      | Found Nigu's Weapon Emporium.
  4712 | D:4      | Found Elalim's General Store.
  4722 | D:4      | Bought a scroll of teleportation for 33 gold pieces
  4849 | D:4      | Found Nisuis's Armour Boutique.
  4877 | D:4      | Reached XP level 6. HP: 28/44 MP: 4/11
  5163 | D:4      | Found Huipn's Armour Emporium.
  5170 | D:4      | Bought a +2 pair of gloves for 198 gold pieces
  5200 | D:4      | Found Atehaom's Assorted Antiques.
  5211 | D:4      | Learned a level 4 spell: Hailstorm
  5864 | D:4      | Reached skill level 6 in Ice Magic
  5922 | D:4      | Reached XP level 7. HP: 47/51 MP: 6/12
  6342 | D:5      | Entered Level 5 of the Dungeon
  6925 | D:5      | Found a sacrificial altar of Ru.
  7384 | D:5      | Reached skill level 1 in Polearms
  7813 | D:5      | Found a shimmering blue altar of Sif Muna.
  7892 | D:5      | Became a worshipper of Sif Muna the Loreminder
  8439 | D:5      | Noticed a warg
  8444 | D:5      | Killed a warg
  8445 | D:5      | Reached skill level 5 in Dodging
  8445 | D:5      | Reached XP level 8. HP: 21/58 MP: 6/14
  8670 | D:5      | Found a sacrificial altar of Ru.
  8884 | D:5      | Found a shimmering blue altar of Sif Muna.
  9292 | D:6      | Reached skill level 1 in Invocations
  9293 | D:6      | Reached skill level 1 in Evocations
  9374 | D:6      | Found a hide-covered altar of Uskayaw.
  9515 | D:6      | Found a burning altar of Makhleb.
  9592 | D:6      | Noticed a troll
  9605 | D:6      | Killed a troll
  9606 | D:6      | Reached skill level 1 in Conjurations
  9606 | D:6      | Reached skill level 7 in Ice Magic
  9831 | D:6      | Found an opulent altar of Gozag.
  9856 | D:6      | Reached skill level 5 in Spellcasting
  9915 | D:6      | Noticed Prince Ribbit
  9923 | D:6      | Killed Prince Ribbit
  9924 | D:6      | Reached XP level 9. HP: 60/65 MP: 7/16
 10153 | D:6      | Found a white marble altar of Elyvilon.
 10459 | D:6      | Found a staircase to the Ecumenical Temple.
 10711 | Temple   | Entered the Ecumenical Temple
 11007 | D:4      | Reached skill level 5 in Stealth
 11020 | D:4      | Bought a metallic green potion for 26 gold pieces
 11020 | D:4      | Bought an amethyst potion for 26 gold pieces
 11020 | D:4      | Bought a scroll labelled GOGOEG USTRUPS for 29 gold pieces
 11020 | D:4      | Bought a cyan potion for 26 gold pieces
 11044 | D:4      | Bought a potion of berserk rage for 55 gold pieces
 11329 | D:4      | Bought 2 potions of curing for 66 gold pieces
 11431 | D:7      | Found a glowing golden altar of the Shining One.
 11478 | D:7      | Found a shimmering altar of Xom.
 11478 | D:7      | Found a shimmering altar of Xom.
 11489 | D:7      | Reached * piety under Sif Muna
 11490 | D:7      | Reached skill level 5 in Polearms
 11571 | D:7      | Found a shimmering altar of Xom.
 11720 | D:7      | Reached skill level 8 in Ice Magic
 11722 | D:7      | Engulfed by a cloud of steam

Illustrated notes

Levels and vault maps discovered:
D:1:      psy_arrival_dodecagon, layout_loops_cross, serial_forest,
          infiniplex_forest_lined_3, infiniplex_forest_zigzag_1,
          infiniplex_forest_split, infiniplex_forest_end_3
D:2:      layout_loops_cross, dreamdust_ecumenical_altar_angels_and_demons,
          uniq_crazy_yiuf_cottage
D:3:      layout_loops_ring, general_overflow_altar
D:4:      minmay_diamond_boxcup, layout_loops_ring, serial_shops,
          nicolae_shop_stone, nicolae_stop_n_shop_2, shop, shop,
          nicolae_stop_n_shop_1, kennysheep_orc_chapel
D:5:      layout_loops_corners, kennysheep_orc_sif_temple,
          nicolae_ru_great_annihilating_truth, small_statue_intersection
D:6:      layout_loops_cross, lightli_temple_of_fire,
          nicolae_gozag_seed_capital, elyvilon_altar_3,
          nicolae_uskayaw_dance_hall, lemuel_temple_firewalk_b, kb_rosetta,
          uniq_prince_ribbit1
D:7:      layout_basic, xom_redecorated, nicolae_tso_besieged_by_evil
Temple:   compressed_dpeg_triangle_lava_temple

Skill      XL: |  1  2  3  4  5  6  7  8  9 |
---------------+----------------------------+-----
Dodging        | 3 4 5 6 |  6.0
Fighting       | 1 2 3 4 |  4.4
Ice Magic      | 5 6 7 8 |  8.0
Spellcasting   | 3 4 5 |  5.7
Stealth        | 3 4 5 |  5.3
Polearms       | 2 4 5 |  5.8
Invocations    | 2 4 |  4.0
Evocations     | 2 3 |  3.5
Conjurations   | 1 2 |  2.0

Action                   |  1- 3 |  4- 6 |  7- 9 || total
-------------------------+-------+-------+-------++-------
Melee: Unarmed           |    37 |    15 |       ||    52
       Punch             |     2 |     4 |     3 ||     9
       Spear             |       |    74 |    82 ||   156
       Trident           |       |       |   132 ||   132
 Cast: Freeze            |    59 |    62 |    70 ||   191
       Frozen Ramparts   |     2 |    14 |    24 ||    40
       Ozocubu's Armour  |       |       |     3 ||     3
Evoke: Wand              |       |       |     2 ||     2
  Use: Scroll            |       |       |     2 ||     2
 Stab: Sleeping          |     2 |     3 |    10 ||    15
       Distracted        |       |       |     2 ||     2
       Paralysed         |       |       |     1 ||     1
Armor: Robe              |    19 |    56 |   118 ||   193
Dodge: Dodged            |    55 |   117 |   234 ||   406
